 Dungeon Crawl Stone Soup version 0.20.1-1-g8b1a95d (webtiles) character file.

145 Inarius the Grave Robber (level 5, -1/38 HPs)
             Began as a Demonspawn Necromancer on July 15, 2017.
             Killed by divine providence
             ... invoked by an orc priest
              (14 damage)
             ... on level 3 of the Dungeon.
             The game lasted 00:11:09 (3760 turns).

Inarius the Grave Robber (Demonspawn Necromancer)   Turns: 3760, Time: 00:11:09

Health: -1/38      AC:  7    Str:  8    XL:     5   Next: 6%
Magic:  6/9        EV: 10    Int: 18    God:
Gold:   113        SH:  0    Dex: 13    Spells: 4/9 levels left

rFire    . . .     SeeInvis .   g - +0 whip
rCold    . . .     Gourm    .   (no shield)
rNeg     . . .     Faith    .   k - +0 ring mail
rPois    .         Spirit   .   (no helmet)
rElec    .         Reflect  .   (no cloak)
rCorr    .         Harm     .   a - +0 pair of gloves
MR       .....                  (no boots)
Stlth    ..........             (no amulet)
Regen    0.2/turn               (no ring)
MPRegen  0.2/turn               (no ring)

@: confused
A: rugged brown scales 1
a: no special abilities


You were on level 3 of the Dungeon.
You were hungry.

You visited 1 branch of the dungeon, and saw 3 of its levels.

You collected 113 gold pieces.

Inventory:

Hand Weapons
 g - a +0 whip (weapon)
Armour
 a - a +0 pair of gloves (worn)
 k - a +0 ring mail (worn)
 o - a cursed +0 chain mail
Scrolls
 f - a scroll of amnesia {unknown}
 l - a scroll of fog {unknown}
 m - a scroll of teleportation
 n - a scroll of enchant armour {unknown}
 p - a scroll of remove curse {unknown}
 q - a scroll of blinking {unknown}
Potions
 d - a potion of heal wounds {unknown}
 e - 2 potions of curing {unknown}
 h - a potion of degeneration {unknown}
 i - 2 potions of haste {unknown}
 j - a potion of mutation {unknown}
Books
 b - a book of Necromancy

   Spells                             Type                      Level
   a - Pain                           Necromancy                   1
   b - Animate Skeleton               Necromancy                   1
   c - Vampiric Draining              Necromancy                   3
   d - Regeneration                   Charms/Necromancy            3
   e - Animate Dead                   Necromancy                   4
   f - Control Undead                 Necromancy                   4
Comestibles
 c - 4 bread rations
 r - a royal jelly


   Skills:
 * Level 1.6 Fighting
 - Level 0.5 Maces & Flails
 * Level 1.8 Armour
 + Level 2.0 Dodging
 - Level 1.7 Stealth
 - Level 1.0 Unarmed Combat
 + Level 2.7 Spellcasting
 + Level 5.1 Necromancy


You had 4 spell levels left.
You knew the following spells:

 Your Spells              Type           Power        Failure   Level  Hunger
a - Pain                  Necr           ###.         6%          1    None
b - Animate Skeleton      Necr           N/A          6%          1    None
c - Vampiric Draining     Necr           ###.......   19%         3    ###....


Dungeon Overview and Level Annotations

Branches:
Dungeon (3/15)

Altars:

Annotations:
D:2 Sigmund


Innate Abilities, Weirdness & Mutations

You are partially covered in rugged brown scales. (AC +1, +3% HP)


Message History

You're too confused to cast spells.
You closely miss something.
You hear some strange, mumbled words.
You are more confused.
Unknown command.
Unknown command.
You miss something. Something hits you.
You closely miss something. Something hits you but does no damage.
You bump into the rock wall.
Something hits you but does no damage.
You bump into the rock wall.
Something hits you.
The orc priest calls down the wrath of Beogh upon you.
You miss something.
You hear some strange, mumbled words.
A magic dart appears from out of thin air!
The magic dart hits you!
You closely miss something. Something hits you but does no damage.
You bump into the rock wall.
Something hits you but does no damage.
The orc priest calls down the wrath of Beogh upon you.
Beogh smites you!
You die...

###### #....#####
####### #....'...#
#.....# #....###.#
##.###.# ####.# #.#
#......#
#####.###.####....#####
..........o..........>#
##..).##.b.###o###.####
#.#####...# #o†@..# ..?
.....# #####.# ..
###...# #.# . ##.## #.#
. #.. #####.## #####
##. #......# #...#
#.###..###.#.#
#..........#.####
#####.######....#


You could see an orc priest and an orc.

Vanquished Creatures
  A worker ant (D:3)
  3 gnolls (D:2)
  3 adders
  A dart slug (D:1)
  An orc (D:3)
  4 bats
  3 giant cockroaches (D:1)
  5 goblins (D:1)
  6 hobgoblins (D:1)
  4 jackals (D:1)
  5 kobolds
  6 quokkas (D:2)
  3 frilled lizards
  9 rats
54 creatures vanquished.

Vanquished Creatures (collateral kills)
  2 dart slugs (D:1)
  A leopard gecko (D:1)
  2 hobgoblins
  A kobold (D:2)
  A rat (D:2)
7 creatures vanquished.

Grand Total: 61 creatures vanquished

Notes
Turn   | Place    | Note
-------+----------+-------------------------------------------
     0 | D:1      | Inarius the Demonspawn Necromancer began the quest for the Orb.
     0 | D:1      | Reached XP level 1. HP: 13/13 MP: 3/3
    50 | D:1      | Learned a level 1 spell: Animate Skeleton
   313 | D:1      | Gained mutation: You are partially covered in rugged brown scales. (AC +1, +3% HP) [demonic ancestry]
   313 | D:1      | Reached XP level 2. HP: 13/19 MP: 3/5
   871 | D:1      | Reached skill level 1 in Fighting
  1092 | D:1      | Reached XP level 3. HP: 25/26 MP: 6/6
  1453 | D:1      | Learned a level 3 spell: Vampiric Draining
  1917 | D:2      | Noticed Sigmund
  2593 | D:2      | Reached skill level 1 in Armour
  2668 | D:2      | Reached skill level 5 in Necromancy
  2878 | D:2      | Reached XP level 4. HP: 28/32 MP: 1/7
  3256 | D:2      | Reached skill level 1 in Unarmed Combat
  3702 | D:3      | Reached XP level 5. HP: 32/38 MP: 5/9
  3760 | D:3      | Killed from afar by an orc priest

Skill      XL: |  1  2  3  4 |
---------------+-------------+-----
Fighting       | 1 |  1.6
Armour         | 1 |  1.8
Necromancy     | 5 |  5.1
Unarmed Combat | 1 |  1.0
Dodging        | 2 |  2.0
Maces & Flails | |  0.5
Stealth        | |  1.7
Spellcasting   | |  2.7

Action                   |  1- 3 |  4- 6 || total
-------------------------+-------+-------++-------
Melee: Unarmed           |     8 |       ||     8
       Whip              |   108 |    51 ||   159
 Cast: Pain              |    53 |    14 ||    67
       Animate Skeleton  |    16 |     4 ||    20
       Vampiric Draining |       |     6 ||     6
  Use: Scroll            |       |     2 ||     2
  Eat: Chunk             |     7 |     3 ||    10
Armor: Robe              |    20 |       ||    20
       Ring mail         |    34 |    29 ||    63
Dodge: Dodged            |    82 |    37 ||   119
